[Event "4th Memorial Warakomska-B 2020"]
[Site "Suwalki"]
[Date "2020.08.07"]
[Round "1.4"]
[White "Sapeta, Robert"]
[Black "Borowik, Monika"]
[Result "1-0"]
[ECO "B07"]
[WhiteElo "1895"]
[BlackElo "1286"]
[Annotator "NA RC"]
[PlyCount "55"]
[EventDate "2020.08.06"]
[EventType "swiss"]
[EventCountry "POL"]
[SourceTitle "playchess.com"]
[Source "ChessBase"]
[SourceQuality "1"]
[TimeControl "40/5400+30:1800+30"]

1. d4 Nf6 2. Nc3 g6 3. e4 d6 4. Be2 Bg7 5. g4 Nbd7 6. f4 b6 7. e5 Ng8 8. Bf3 Rb8 9. Ne4 d5 10. Ng3 e6 11. h4 f5 12. gxf5 exf5 13. Bxd5 Ne7 14. Bf3 Bb7 15. h5 Bxf3 16. Nxf3 Bh6 17. hxg6 hxg6 18. c4 b5 19. b3 Nb6 20. Qd3 bxc4 21. bxc4 Nc6 22. Ba3 Kd7 23. d5 Kc8 24. Ke2 Na5 25. Nd2 Bxf4 26. Nxf5 Bxe5 27. Ne7+ Kb7 28. Rab1 1-0

[Event "4th Memorial Warakomska-B 2020"]
[Site "Suwalki"]
[Date "2020.08.07"]
[Round "1.5"]
[White "Szewczyk, Malwina"]
[Black "Rak, Tomasz"]
[Result "1-0"]
[ECO "A45"]
[WhiteElo "1323"]
[BlackElo "1879"]
[Annotator "NA RC"]
[PlyCount "111"]
[EventDate "2020.08.06"]
[EventType "swiss"]
[EventCountry "POL"]
[SourceTitle "playchess.com"]
[Source "ChessBase"]
[SourceQuality "1"]
[TimeControl "40/5400+30:1800+30"]

1. d4 Nf6 2. e3 d6 3. Bd3 e5 4. Nd2 Qe7 5. dxe5 dxe5 6. e4 Be6 7. Ngf3 Nbd7 8. b3 O-O-O 9. Bb2 Nc5 10. Nxe5 Nfxe4 11. Nxe4 Nxe4 12. O-O f6 13. Qe2 Nc5 14. Nc4 Nxd3 15. cxd3 Qd7 16. d4 Kb8 17. a3 Bd5 18. Rfe1 h5 19. Rac1 h4 20. h3 Rh6 21. Ne3 Bxb3 22. Ng4 Rh8 23. Rc3 Bf7 24. Re3 Bd6 25. Qc2 Rde8 26. Rxe8+ Rxe8 27. Rxe8+ Qxe8 28. Ne3 g6 29. d5 f5 30. Qd1 Qe4 31. Bc1 f4 32. f3 Qb1 33. Nc4 Bc5+ 34. Kh2 Qf5 35. d6 Be6 36. Bb2 Qg5 37. d7 Bxd7 38. Bf6 Qg3+ 39. Kh1 Bxh3 40. Qd8+ Bc8 41. Bxh4 b5 42. Bxg3 fxg3 43. Ne5 Bf2 44. Nxg6 Kb7 45. Qd5+ c6 46. Qf7+ Kb6 47. Ne7 Bb7 48. Qe6 a5 49. Nd5+ Ka7 50. Ne7 Kb6 51. f4 Bc5 52. Qe5 Bxa3 53. f5 Bc1 54. f6 a4 55. f7 Bh6 56. Qh8 1-0

[Event "4th Memorial Warakomska-B 2020"]
[Site "Suwalki"]
[Date "2020.08.07"]
[Round "1.7"]
[White "Pietryk, Joanna"]
[Black "Widelski, Kacper"]
[Result "0-1"]
[ECO "B39"]
[WhiteElo "1329"]
[BlackElo "1879"]
[Annotator "NA RC"]
[PlyCount "80"]
[EventDate "2020.08.06"]
[EventType "swiss"]
[EventCountry "POL"]
[SourceTitle "playchess.com"]
[Source "ChessBase"]
[SourceQuality "1"]
[TimeControl "40/5400+30:1800+30"]

1. e4 c5 2. Nf3 g6 3. d4 cxd4 4. Nxd4 Bg7 5. c4 Nc6 6. Be3 Nf6 7. Nc3 Ng4 8. Qxg4 Nxd4 9. Qd1 Ne6 10. Be2 Qa5 11. Qd2 b6 12. O-O Bb7 13. Bf3 Rc8 14. Qd3 Bxc3 15. bxc3 Ba6 16. Rfd1 d6 17. Bd4 Bxc4 18. Qd2 Nxd4 19. Qxd4 O-O 20. Bg4 Rc7 21. Kh1 Ba6 22. Rdc1 h5 23. Bh3 Bc8 24. Rc2 Bxh3 25. gxh3 Rfc8 26. Rac1 Rc4 27. Qe3 Qe5 28. f3 d5 29. Qd3 dxe4 30. fxe4 Qxe4+ 31. Qxe4 Rxe4 32. c4 Rc5 33. Kg2 f5 34. Kf3 Kf7 35. a4 Kf6 36. Rc3 Rd4 37. Ke3 e5 38. Kf3 e4+ 39. Kf4 g5+ 40. Ke3 Ke5 0-1

[Event "4th Memorial Warakomska-B 2020"]
[Site "Suwalki"]
[Date "2020.08.07"]
[Round "1.8"]
[White "Cwiek, Ryszard"]
[Black "Gladyszewska, Kinga"]
[Result "1-0"]
[ECO "C47"]
[WhiteElo "1867"]
[BlackElo "1312"]
[Annotator "NA RC"]
[PlyCount "85"]
[EventDate "2020.08.06"]
[EventType "swiss"]
[EventCountry "POL"]
[SourceTitle "playchess.com"]
[Source "ChessBase"]
[SourceQuality "1"]
[TimeControl "40/5400+30:1800+30"]

1. e4 e5 2. Nf3 Nc6 3. Nc3 Nf6 4. d4 exd4 5. Nxd4 Bc5 6. Be3 Nxd4 7. Bxd4 Bxd4 8. Qxd4 d6 9. O-O-O Qe7 10. Bb5+ Bd7 11. Bxd7+ Qxd7 12. e5 dxe5 13. Qxe5+ Qe7 14. Rhe1 Qxe5 15. Rxe5+ Kf8 16. Ne4 Nxe4 17. Rxe4 Re8 18. Red4 g6 19. Rd7 Rc8 20. Re1 Kg7 21. Ree7 Rhf8 22. Rxc7 Rxc7 23. Rxc7 Rb8 24. Rc3 a6 25. a4 Re8 26. Re3 Rd8 27. Rd3 Re8 28. Kd2 Re4 29. b3 Kf6 30. f3 Re6 31. a5 Re7 32. c4 Rc7 33. Re3 Rc5 34. Kc3 Rxa5 35. Kb4 b6 36. Re2 Rc5 37. Re8 a5+ 38. Ka4 h5 39. Rb8 Ke7 40. Rxb6 Kd7 41. Rb5 Kc6 42. Rxc5+ Kxc5 43. Kxa5 1-0

[Event "4th Memorial Warakomska-B 2020"]
[Site "Suwalki"]
[Date "2020.08.07"]
[Round "1.9"]
[White "Krzyszkowiak, Bozena"]
[Black "Wierzbicki, Michal"]
[Result "0-1"]
[ECO "C00"]
[WhiteElo "1287"]
[BlackElo "1849"]
[Annotator "NA RC"]
[PlyCount "126"]
[EventDate "2020.08.06"]
[EventType "swiss"]
[EventCountry "POL"]
[SourceTitle "playchess.com"]
[Source "ChessBase"]
[SourceQuality "1"]
[TimeControl "40/5400+30:1800+30"]

1. e4 e6 2. Nf3 d5 3. exd5 exd5 4. Be2 Bd6 5. d4 Ne7 6. O-O Bf5 7. a3 O-O 8. Nc3 c6 9. h3 Ng6 10. Bd3 Qd7 11. Bxf5 Qxf5 12. Re1 Na6 13. Be3 Nc7 14. Qd2 b5 15. Rad1 b4 16. axb4 Bxb4 17. Qd3 Qd7 18. Bd2 Ne6 19. Ne2 Bd6 20. c3 Rfb8 21. b4 a5 22. bxa5 Rxa5 23. Rb1 Rba8 24. c4 Ra3 25. Qc2 Ra2 26. Rb2 Rxb2 27. Qxb2 dxc4 28. Qc2 c5 29. dxc5 Bxc5 30. Qxc4 Qa7 31. Rf1 Rd8 32. Qc3 Qa6 33. Nc1 Ne7 34. Be3 Nd5 35. Qd3 Qxd3 36. Nxd3 Bxe3 37. fxe3 Nxe3 38. Rc1 Rxd3 39. Ng5 Rd1+ 40. Rxd1 Nxd1 41. Ne4 Ne3 42. Kf2 Nc4 43. Kf3 f5 44. Nc3 g5 45. Nd5 Kf7 46. g3 Nd4+ 47. Kf2 Ke6 48. Nc3 Ke5 49. Nd1 h5 50. Nc3 Nd6 51. Nd1 Ne4+ 52. Kg2 f4 53. g4 hxg4 54. hxg4 f3+ 55. Kf1 Ne2 56. Nf2 Nxf2 57. Kxf2 Kf4 58. Kf1 Ke3 59. Ke1 f2+ 60. Kf1 Ng3+ 61. Kg2 f1=Q+ 62. Kh2 Qf3 63. Kg1 Qh1# 0-1

[Event "4th Memorial Warakomska-B 2020"]
[Site "Suwalki"]
[Date "2020.08.07"]
[Round "1.10"]
[White "Kaminski, Maciej"]
[Black "Jaszczuk, Piotr"]
[Result "1-0"]
[ECO "B42"]
[WhiteElo "1869"]
[BlackElo "1283"]
[Annotator "NA RC"]
[PlyCount "109"]
[EventDate "2020.08.06"]
[EventType "swiss"]
[EventCountry "POL"]
[SourceTitle "playchess.com"]
[Source "ChessBase"]
[SourceQuality "1"]
[TimeControl "40/5400+30:1800+30"]

1. e4 c5 2. Nf3 e6 3. d4 cxd4 4. Nxd4 a6 5. Bd3 Nf6 6. O-O Qc7 7. Qe2 b5 8. a4 bxa4 9. Rxa4 Bb7 10. c4 h5 11. h3 Bc5 12. Nf3 Ng4 13. b4 Bd4 14. Bb2 Nc6 15. Nc3 Qg3 16. Nb5 Bxf2+ 17. Rxf2 Nxf2 18. Qxf2 Qxf2+ 19. Kxf2 axb5 20. Rxa8+ Bxa8 21. cxb5 Nxb4 22. Bb1 O-O 23. Nd4 Rc8 24. Ke3 d5 25. e5 Rc4 26. g4 hxg4 27. hxg4 Kf8 28. g5 g6 29. b6 Nc6 30. Nb5 Kg8 31. Bd3 Rb4 32. Ba3 Rb3 33. Bd6 Na5 34. Kd4 Nc6+ 35. Ke3 Nb4 36. Bxb4 Rxb4 37. Kd2 Bc6 38. Kc3 Rg4 39. Nd6 Rxg5 40. Bb5 Ba8 41. Kd4 Rg4+ 42. Kc5 d4 43. Bc6 Bxc6 44. Kxc6 d3 45. b7 Rb4 46. Nb5 Kg7 47. b8=Q d2 48. Qd6 Rb2 49. Na3 Ra2 50. Nc4 Ra6+ 51. Nb6 Ra2 52. Qd3 g5 53. Nc4 Ra6+ 54. Kb5 Ra2 55. Nxd2 1-0

[Event "4th Memorial Warakomska-B 2020"]
[Site "Suwalki"]
[Date "2020.08.07"]
[Round "1.11"]
[White "Wardziak, Ewa"]
[Black "Milewski, Karol"]
[Result "0-1"]
[ECO "C11"]
[WhiteElo "1280"]
[BlackElo "1795"]
[Annotator "NA RC"]
[PlyCount "54"]
[EventDate "2020.08.06"]
[EventType "swiss"]
[EventCountry "POL"]
[SourceTitle "playchess.com"]
[Source "ChessBase"]
[SourceQuality "1"]
[TimeControl "40/5400+30:1800+30"]

1. e4 e6 2. Nf3 d5 3. Nc3 Nf6 4. d3 dxe4 5. dxe4 Qxd1+ 6. Nxd1 Nxe4 7. Bd3 Nc5 8. Bc4 Nc6 9. a3 a6 10. b4 Ne4 11. O-O Be7 12. Re1 Nd6 13. Bd3 Bf6 14. Bb2 b5 15. Bxf6 gxf6 16. Ne3 O-O 17. Ng4 Kg7 18. Rac1 e5 19. Nd2 Bxg4 20. Ne4 Be6 21. Re3 Ne7 22. Ng3 Nd5 23. Rf3 Bg4 24. Nf5+ Nxf5 25. Rxf5 Bxf5 26. Bxf5 Nc3 27. Re1 Rad8 0-1

[Event "4th Memorial Warakomska-B 2020"]
[Site "Suwalki"]
[Date "2020.08.07"]
[Round "1.12"]
[White "Milanowski, Jan"]
[Black "Palejko, Maria"]
[Result "1-0"]
[ECO "C02"]
[WhiteElo "1787"]
[BlackElo "1218"]
[Annotator "NA RC"]
[PlyCount "71"]
[EventDate "2020.08.06"]
[EventType "swiss"]
[EventCountry "POL"]
[SourceTitle "playchess.com"]
[Source "ChessBase"]
[SourceQuality "1"]
[TimeControl "40/5400+30:1800+30"]

1. e4 c5 2. Nf3 e6 3. c3 Nc6 4. d4 d5 5. e5 f6 6. Bd3 Qc7 7. O-O fxe5 8. Nxe5 Nf6 9. Nxc6 Qxc6 10. Qe2 c4 11. Bc2 Bd6 12. Bg5 O-O 13. Nd2 Bd7 14. Nf3 Rae8 15. Ne5 Qc7 16. Rae1 b5 17. Bh4 a5 18. Bb1 b4 19. Qc2 Bb5 20. Re3 b3 21. Qc1 Bxe5 22. Rxe5 Ng4 23. Bg3 Nxe5 24. Bxe5 Qd7 25. a3 a4 26. Qg5 Rf7 27. f4 Qe7 28. Qh5 g5 29. Rf3 gxf4 30. Rh3 Ba6 31. Rh4 Ra8 32. Qh6 Ra7 33. Rg4+ Rg7 34. Bxg7 Kf7 35. Qh5+ Kg8 36. Bxh7# 1-0

[Event "4th Memorial Warakomska-B 2020"]
[Site "Suwalki"]
[Date "2020.08.07"]
[Round "1.13"]
[White "Zapalowska, Wiktoria"]
[Black "Bancarewicz, Aleks"]
[Result "0-1"]
[ECO "A45"]
[WhiteElo "1250"]
[BlackElo "1781"]
[Annotator "NA RC"]
[PlyCount "68"]
[EventDate "2020.08.06"]
[EventType "swiss"]
[EventCountry "POL"]
[SourceTitle "playchess.com"]
[Source "ChessBase"]
[SourceQuality "1"]
[TimeControl "40/5400+30:1800+30"]

1. d4 Nf6 2. Bf4 g6 3. e3 Bg7 4. Nf3 d6 5. h3 O-O 6. Be2 b6 7. Nbd2 Bb7 8. O-O Nbd7 9. Bh2 c5 10. c3 a6 11. a4 Qb8 12. b4 Rc8 13. Qb3 cxb4 14. cxb4 Bd5 15. Bc4 Rxc4 16. Nxc4 b5 17. axb5 axb5 18. Nfd2 Rxa1 19. Rxa1 Nb6 20. Qa3 Nxc4 21. Nxc4 Bxc4 22. Qa8 Qxa8 23. Rxa8+ Bf8 24. f3 Nd5 25. Bf4 Kg7 26. Kf2 Nxb4 27. Ke1 Nd3+ 28. Kd2 Nxf4 29. exf4 e6 30. Rb8 d5 31. g3 Bb4+ 32. Kc2 Be1 33. g4 Bg3 34. f5 Bxb8 0-1

[Event "4th Memorial Warakomska-B 2020"]
[Site "Suwalki"]
[Date "2020.08.07"]
[Round "1.14"]
[White "Borowik, Wojciech"]
[Black "Kolcon, Waclaw"]
[Result "1/2-1/2"]
[ECO "D15"]
[WhiteElo "1769"]
[BlackElo "1235"]
[Annotator "NA RC"]
[PlyCount "105"]
[EventDate "2020.08.06"]
[EventType "swiss"]
[EventCountry "POL"]
[SourceTitle "playchess.com"]
[Source "ChessBase"]
[SourceQuality "1"]
[TimeControl "40/5400+30:1800+30"]

1. d4 d5 2. Nf3 Nf6 3. c4 c6 4. Nc3 a6 5. e3 g6 6. Bd3 Bg7 7. O-O O-O 8. a3 b5 9. b3 Nbd7 10. Bb2 Re8 11. Rc1 e5 12. dxe5 Ng4 13. cxd5 Ndxe5 14. Be2 cxd5 15. Nxe5 Nxe5 16. Qxd5 Be6 17. Qxd8 Rexd8 18. b4 Bc4 19. Rfd1 Bxe2 20. Nxe2 Nd3 21. Bxg7 Nxc1 22. Nd4 Kxg7 23. Rxc1 Rac8 24. Rc5 Kf8 25. Kf1 Rxc5 26. bxc5 Rc8 27. c6 Ke7 28. Ke2 Kd6 29. Kd3 Kc5 30. Kc3 a5 31. Kb3 Rc7 32. Kc3 Kb6 33. Kb3 f5 34. g3 Rc8 35. Kc3 Rc7 36. Kb3 Ra7 37. Kc3 Kc5 38. Kb3 b4 39. a4 Kb6 40. Nb5 Rc7 41. Nxc7 Kxc7 42. Kc4 Kxc6 43. Kd4 Kd6 44. f3 Ke6 45. h4 Kd6 46. f4 Ke6 47. Kc4 Kf6 48. Kd4 h6 49. Kc4 g5 50. h5 gxf4 51. exf4 Ke6 52. Kd4 Kd6 53. Kc4 1/2-1/2

[Event "4th Memorial Warakomska-B 2020"]
[Site "Suwalki"]
[Date "2020.08.07"]
[Round "2.1"]
[White "Szwaj, Jacek"]
[Black "Kitewski, Bartosz"]
[Result "0-1"]
[ECO "C06"]
[WhiteElo "1983"]
[BlackElo "1718"]
[Annotator "ChessBase"]
[PlyCount "132"]
[EventDate "2020.08.06"]
[EventType "swiss"]
[EventCountry "POL"]
[SourceTitle "playchess.com"]
[Source "ChessBase"]
[SourceQuality "1"]
[TimeControl "40/5400+30:1800+30"]

1. e4 e6 2. d4 d5 3. Nd2 Nf6 4. e5 Nfd7 5. Bd3 c5 6. c3 Nc6 7. Ne2 cxd4 8. cxd4 f6 9. exf6 Nxf6 10. Nf3 Bd6 11. O-O Qc7 12. Bg5 O-O 13. Bh4 Bd7 14. Bg3 Rae8 15. Rc1 Nh5 16. Qc2 Nf6 17. Ne5 Rc8 18. Qb1 a6 19. a3 b5 20. b4 Kh8 21. Rc3 Bxe5 22. Bxe5 Qa7 23. Bxh7 Nxe5 24. Rh3 Neg4 25. Nf4 Nh6 26. Ng6+ Kxh7 27. Nxf8+ Kg8 28. Rxh6 gxh6 29. Qg6+ Kxf8 30. Qxf6+ Ke8 31. Re1 Rc4 32. Rd1 Qc7 33. Qxh6 Qd6 34. h4 Qf8 35. Qg5 Qf5 36. Qg8+ Ke7 37. Qg3 Qf6 38. Qg5 Qxg5 39. hxg5 Be8 40. f4 Bg6 41. g4 Be4 42. Kh2 Rc2+ 43. Kh3 Rf2 44. Rc1 Kd7 45. g6 Rxf4 46. g7 Bh7 47. g5 Bg8 48. g6 Rf6 49. Rg1 Rf5 50. Kg4 Ke7 51. Rc1 Kf6 52. Rc8 Kxg7 53. Rc6 Kxg6 54. Rxa6 Rf2 55. Ra5 Ra2 56. Kf4 Kf6 57. Ke3 Bh7 58. Kf4 Bd3 59. Ra8 Bc4 60. Rf8+ Ke7 61. Ra8 Rd2 62. Kg5 Rxd4 63. Ra7+ Kd6 64. Kf6 Rf4+ 65. Kg5 Ke5 66. Ra6 Re4 0-1

[Event "4th Memorial Warakomska-B 2020"]
[Site "Suwalki"]
[Date "2020.08.07"]
[Round "2.2"]
[White "Zalega, Maciej"]
[Black "Kiolbasa, Damian"]
[Result "1/2-1/2"]
[ECO "B17"]
[WhiteElo "1743"]
[BlackElo "1973"]
[Annotator "ChessBase"]
[PlyCount "98"]
[EventDate "2020.08.06"]
[EventType "swiss"]
[EventCountry "POL"]
[SourceTitle "playchess.com"]
[Source "ChessBase"]
[SourceQuality "1"]
[TimeControl "40/5400+30:1800+30"]

1. e4 c6 2. d4 d5 3. Nc3 dxe4 4. Nxe4 Nd7 5. Nf3 Ndf6 6. Nxf6+ exf6 7. Bf4 Ne7 8. Bd3 Nd5 9. Bg3 Bd6 10. O-O O-O 11. c3 Bg4 12. Qc2 Bxf3 13. Bxh7+ Kh8 14. gxf3 Bxg3 15. hxg3 g6 16. Bxg6 fxg6 17. Qxg6 Qd7 18. Kg2 Qg7 19. Qf5 Ne7 20. Qe6 Qf7 21. Qg4 Ng6 22. f4 f5 23. Qg5 Kg7 24. Rae1 Qf6 25. Qxf6+ Kxf6 26. Re3 Rae8 27. Rh1 Rh8 28. Rhe1 Re7 29. Rxe7 Nxe7 30. f3 Rd8 31. Re5 Rd5 32. Kf2 c5 33. Ke3 cxd4+ 34. cxd4 Rd7 35. g4 Rd6 36. Kd3 Ra6 37. d5 Rxa2 38. d6 Nc6 39. g5+ Kg7 40. d7 Rxb2 41. Re7+ Kf8 42. Re8+ Kf7 43. d8=Q Nxd8 44. Rxd8 Rb6 45. Rd5 Kg6 46. Kd4 Rb3 47. Rd6+ Kg7 48. Ke5 Rb5+ 49. Ke6 a5 1/2-1/2

[Event "4th Memorial Warakomska-B 2020"]
[Site "Suwalki"]
[Date "2020.08.07"]
[Round "2.3"]
[White "Ryszkiewicz, Adam"]
[Black "Siekanska, Zuzanna"]
[Result "1-0"]
[ECO "B80"]
[WhiteElo "1941"]
[BlackElo "1680"]
[Annotator "ChessBase"]
[PlyCount "59"]
[EventDate "2020.08.06"]
[EventType "swiss"]
[EventCountry "POL"]
[SourceTitle "playchess.com"]
[Source "ChessBase"]
[SourceQuality "1"]
[TimeControl "40/5400+30:1800+30"]

1. e4 c5 2. Nf3 e6 3. d4 cxd4 4. Nxd4 Nf6 5. Nc3 d6 6. Be3 a6 7. a4 b6 8. Be2 Bb7 9. f3 Nbd7 10. Qd2 Rc8 11. O-O Be7 12. Rfd1 O-O 13. Qe1 Ne5 14. Qg3 Kh8 15. Nb3 Nc4 16. Bxc4 Rxc4 17. Qf2 Nd7 18. Rd2 Rc8 19. Bf4 Qc7 20. Rad1 e5 21. Be3 f5 22. exf5 Rxf5 23. Qe2 Qc4 24. Nc1 Qh4 25. Qf2 Qf6 26. N1e2 Bxf3 27. Ng3 Bxd1 28. Qxf5 Bxc2 29. Rxc2 Rd8 30. Nd5 1-0

[Event "4th Memorial Warakomska-B 2020"]
[Site "Suwalki"]
[Date "2020.08.07"]
[Round "2.4"]
[White "Sapinski, Sebastian"]
[Black "Sapeta, Robert"]
[Result "1/2-1/2"]
[ECO "B06"]
[WhiteElo "1603"]
[BlackElo "1895"]
[Annotator "NA"]
[PlyCount "69"]
[EventDate "2020.08.06"]
[EventType "swiss"]
[EventCountry "POL"]
[SourceTitle "playchess.com"]
[Source "ChessBase"]
[SourceQuality "1"]
[TimeControl "40/5400+30:1800+30"]

1. e4 g6 2. d4 Bg7 3. Nf3 d6 4. Bc4 Nf6 5. Nbd2 O-O 6. O-O c6 7. c3 Nbd7 {[%emt 0:03:19] B07: Pirc Defence: Miscellaneous Systems.} 8. Re1 e5 9. Bb3 b5 10. a4 a5 11. Nf1 {[%emt 0:07:03] [#]} h6 $146 ({Predecessor:} 11... Qc7 12. Bc2 Rd8 13. Bg5 h6 14. Be3 Bb7 15. Ng3 Ng4 16. Bd2 Nb6 17. Qc1 Nc4 {0-1 (39) Adair,M (1384)-Mueller,P (1785) Frankfurt 2006}) 12. h3 Bb7 13. Ng3 exd4 14. cxd4 bxa4 15. Bxa4 Nb6 16. Bb3 c5 17. e5 dxe5 18. dxc5 (18. dxe5 $14 Qxd1 19. Bxd1 (19. Rxd1 Nfd5 $15)) 18... Qxd1 19. Bxd1 Nbd7 20. Nxe5 Nxc5 21. Be3 Ne6 22. Bb3 Bd5 23. Bxd5 Nxd5 24. Bd2 Nc5 25. Rxa5 Rxa5 26. Bxa5 Nb3 27. Bc3 Re8 28. Nc4 Rxe1+ 29. Bxe1 $11 Nf4 30. Bc3 Bxc3 31. bxc3 Nc1 32. Kf1 Na2 33. Ne2 Nxe2 34. Kxe2 Nxc3+ 35. Kd3 1/2-1/2

[Event "4th Memorial Warakomska-B 2020"]
[Site "Suwalki"]
[Date "2020.08.07"]
[Round "2.5"]
[White "Kaznowska, Weronika"]
[Black "Obolonin, Filipp"]
[Result "0-1"]
[ECO "D35"]
[WhiteElo "1594"]
[BlackElo "1922"]
[Annotator "ChessBase"]
[PlyCount "126"]
[EventDate "2020.08.06"]
[EventType "swiss"]
[EventCountry "POL"]
[SourceTitle "playchess.com"]
[Source "ChessBase"]
[SourceQuality "1"]
[TimeControl "40/5400+30:1800+30"]

1. d4 Nf6 2. c4 e6 3. Nc3 d5 4. Bf4 c6 5. e3 Nbd7 6. Nf3 Be7 7. Bd3 Nh5 8. Be5 Nxe5 9. Nxe5 Nf6 10. c5 Nd7 11. Nxd7 Bxd7 12. b4 b6 13. O-O O-O 14. f4 a5 15. a3 g6 16. Na4 axb4 17. axb4 bxc5 18. bxc5 f6 19. Nb6 Rxa1 20. Qxa1 e5 21. Qa7 Be8 22. Ra1 exd4 23. exd4 f5 24. Re1 Bf6 25. Qa4 Rf7 26. Re6 Re7 27. Rxe7 Qxe7 28. Kf2 Qg7 29. Ke3 g5 30. Nxd5 gxf4+ 31. Nxf4 Qh6 32. h3 Qg5 33. Qa2+ Bf7 34. Qf2 Bg7 35. Ke2 Qf6 36. Ke3 Qxd4+ 37. Kf3 Qc3 38. Qc2 Qa3 39. Ne2 Bd5+ 40. Kf2 Bf8 41. Bxf5 Bxc5+ 42. Ke1 Qe3 43. Bxh7+ Kh8 44. Bd3 Bb4+ 45. Kd1 c5 46. Qb2+ Kg8 47. Nc1 Qe1+ 48. Kc2 c4 49. Bg6 Qf2+ 50. Kb1 Qb6 51. Bf5 c3 52. Qe2 Ba3+ 53. Kc2 Qb2+ 54. Kd3 Qb5+ 55. Ke3 Bxc1+ 56. Kf2 Qxe2+ 57. Kxe2 Bxg2 58. Kd3 Bd2 59. Kc2 Kg7 60. Bg4 Kh6 61. Bf5 Kg5 62. Bd3 Bxh3 63. Bh7 Bf5+ 0-1

[Event "4th Memorial Warakomska-B 2020"]
[Site "Suwalki"]
[Date "2020.08.07"]
[Round "2.6"]
[White "Widelski, Kacper"]
[Black "Pieczulis, Blazej"]
[Result "1-0"]
[ECO "E07"]
[WhiteElo "1879"]
[BlackElo "1608"]
[Annotator "NA"]
[PlyCount "103"]
[EventDate "2020.08.06"]
[EventType "swiss"]
[EventCountry "POL"]
[SourceTitle "playchess.com"]
[Source "ChessBase"]
[SourceQuality "1"]
[TimeControl "40/5400+30:1800+30"]

1. c4 Nf6 2. g3 e6 3. Bg2 Be7 4. Nf3 O-O 5. O-O d5 6. d4 Nbd7 7. Nc3 c6 8. e3 dxc4 9. Nd2 {[%emt 0:17:36] E07: Closed Catalan: Main Line (5 Nf3 0-0 6 0-0 Nbd7).} e5 10. Nxc4 exd4 {[%emt 0:00:37] [#]} 11. Qxd4 $146 ({Predecessor:} 11. exd4 Nb6 12. Ne5 Be6 13. Re1 Nbd5 14. Bg5 h6 15. Bxf6 Bxf6 16. Qd2 Nxc3 17. bxc3 {½-½ (47) Jakovljevic,V (2420)-Schartz,A (2202) Budva 2009}) 11... Nb6 12. Nxb6 Qxd4 (12... axb6 $15 13. Rd1 Bg4) 13. exd4 axb6 14. d5 cxd5 15. Nxd5 Nxd5 16. Bxd5 Ra5 17. Be4 Be6 18. a3 Bc4 19. Re1 Bb4 20. Rd1 Bb3 21. Bd2 Bxd2 22. Rxd2 Re5 23. Bxb7 g6 24. Rc1 Rfe8 25. Rc8 Rxc8 26. Bxc8 Bd5 27. f4 Re1+ 28. Kf2 Rc1 29. Rxd5 Rxc8 30. Rb5 Rc6 31. a4 Kg7 32. b4 Kf6 33. a5 bxa5 34. bxa5 Ke6 35. Rb6 Rxb6 36. axb6 Kd6 37. Ke3 Kc6 38. Ke4 f6 {[%emt 0:00:06] [#]} 39. b7 $1 Kxb7 40. Kd5 Kc7 41. Ke6 f5 42. Kf7 Kd7 43. Kg7 Ke7 44. Kxh7 Kf7 45. Kh6 Kf6 46. h4 Kf7 47. h5 gxh5 48. Kxh5 Kf6 49. Kh6 Kf7 50. Kg5 Ke6 51. Kg6 Ke7 52. Kxf5 1-0

[Event "4th Memorial Warakomska-B 2020"]
[Site "Suwalki"]
[Date "2020.08.07"]
[Round "2.7"]
[White "Lukasik, Zuzanna"]
[Black "Cwiek, Ryszard"]
[Result "1/2-1/2"]
[ECO "C06"]
[WhiteElo "1553"]
[BlackElo "1867"]
[Annotator "NA"]
[PlyCount "167"]
[EventDate "2020.08.06"]
[EventType "swiss"]
[EventCountry "POL"]
[SourceTitle "playchess.com"]
[Source "ChessBase"]
[SourceQuality "1"]
[TimeControl "40/5400+30:1800+30"]

1. e4 e6 2. d4 d5 3. Nd2 Nf6 4. e5 Nfd7 5. Bd3 c5 6. c3 Nc6 7. Ne2 cxd4 8. cxd4 f6 9. exf6 Nxf6 10. Nf3 Bd6 11. O-O O-O 12. Bg5 Qe8 13. Re1 {[%emt 0:06:58] C06: French Tarrasch: 3...Nf6 4 e5 Nfd7 5 Bd3 main lines.} Ne4 {[%emt 0:21:41] [#]} 14. Be3 $146 ({Predecessor:} 14. Bh4 Bb4 15. Rf1 Rxf3 16. Bxe4 dxe4 17. gxf3 exf3 18. Nc3 Qh5 19. Bg3 Nxd4 20. Kh1 e5 {0-1 (37) Koedijk,K (1681)-Rupert,C (2036) Groningen 2018}) 14... Qh5 15. Ng3 Nxg3 16. fxg3 Be7 17. Bf4 Bf6 18. Bb5 Bd7 19. Bxc6 bxc6 20. Ne5 Qxd1 21. Raxd1 Be8 22. Rc1 Rc8 23. Bd2 Rb8 24. Bc3 Be7 25. Nd3 Rf6 26. a3 a5 27. Bxa5 Bg6 28. Bb4 Bxd3 29. Bxe7 Rg6 30. b4 ({Don't take} 30. Rxc6 $6 Rxb2 31. Rc8+ Kf7 $14) ({White should try} 30. Rc3 $18 Rb7 31. Bb4 (31. Rxd3 Rxe7 32. Rc3 Rg4 $18)) 30... Bb5 31. Re3 Kf7 32. Bd6 Rd8 33. Be5 Rg4 34. h3 Rg6 35. Rc2 Ra8 36. Rf3+ Kg8 37. Rcf2 h5 38. Bd6 Kh7 39. Re3 Kg8 40. Be5 Bc4 41. Rc2 Bb5 42. Ra2 Ba4 43. Bf4 Rf6 44. Re5 g6 45. Rae2 Kf7 46. h4 Re8 47. Bg5 Rf5 48. Rf2 Ra8 49. Re3 Bb5 50. Bf4 Ba4 51. Rd2 Bb5 52. Kh2 Ke7 53. Rd1 Kd7 54. Kh3 Rff8 55. Rde1 Rae8 56. Rf3 Rf5 57. g4 hxg4+ 58. Kxg4 Ref8 59. Be5 Rxf3 60. gxf3 Bd3 61. Re3 Bf5+ 62. Kg5 Ra8 63. Rc3 Ra7 64. Kf6 Ra8 65. f4 Rf8+ 66. Kg7 Ra8 {[%emt 0:00:04] [#]} 67. Kf7 $1 Ra7 68. Kf6 Ra8 69. Kf7 (69. Rg3 $16) 69... Ra7 70. Rg3 Ra8 71. Rc3 Ra7 $1 72. Rg3 Ra8 73. Kg7 Ra7 74. Kh6 Ra4 75. h5 gxh5 76. Kxh5 Kd8 77. Kg5 Kc8 (77... Ke7 $16 78. Rc3 Ra6) 78. Kf6 Kb7 79. Ke7 Ra8 $1 $11 {[%emt 0:01:00] and Black has nothing to worry.} 80. Kd7 Kb6 81. Ke7 $2 (81. Rc3 $18) 81... Ra7+ $2 82. Kf6 Kb5 83. Rc3 Bg4 84. Rg3 $11 (84. Bb8 $18 Rb7 85. Bd6) 1/2-1/2

[Event "4th Memorial Warakomska-B 2020"]
[Site "Suwalki"]
[Date "2020.08.07"]
[Round "2.8"]
[White "Wierzbicki, Michal"]
[Black "Racis, Michal"]
[Result "1-0"]
[ECO "D37"]
[WhiteElo "1849"]
[BlackElo "1273"]
[Annotator "NA"]
[PlyCount "47"]
[EventDate "2020.08.06"]
[EventType "swiss"]
[EventCountry "POL"]
[SourceTitle "playchess.com"]
[Source "ChessBase"]
[SourceQuality "1"]
[TimeControl "40/5400+30:1800+30"]

1. d4 d5 2. Nf3 Nf6 3. c4 e6 4. Nc3 Be7 5. Bf4 c6 6. e3 b6 7. Qc2 Bb7 8. cxd5 exd5 9. Bd3 Nbd7 10. h3 O-O 11. Ne5 Rc8 (11... Re8 $11 {remains equal.}) 12. Nxd7 Qxd7 13. Bf5 Qd8 14. Bxc8 Qxc8 15. O-O Qe6 16. Rfe1 Nh5 17. Bh2 f5 18. Ne2 $16 g5 19. Be5 Bf6 20. Bxf6 Rxf6 21. Ng3 Ng7 22. f3 Qd6 23. Nf1 Ba6 24. Rad1 1-0